 Dungeon Crawl Stone Soup version 0.30.1-3-gfc49f6343a (webtiles) character file.

Game seed: 15994304926828223374

229 Peloso the Trooper (level 5, 0/48 HPs)
             Began as a Minotaur Fighter on Aug 5, 2023.
             Slain by Prince Ribbit (8 damage)
             ... on level 5 of the Dungeon.
             The game lasted 00:04:12 (2670 turns).

Peloso the Trooper (Minotaur Fighter)               Turns: 2670, Time: 00:04:13

Health: 0/48       AC:  9    Str: 20    XL:     5   Next: 71%
Magic:  0/4        EV:  8    Int:  5    God:
Gold:   181        SH:  5    Dex: 12    Spells: 4/4 levels left

rFire   . . .        a - +0 long sword
rCold   + . .        d - +0 buckler
rNeg    . . .        c - +0 chain mail
rPois   .            h - +0 hat
rElec   .            (no cloak)
rCorr   .            (no gloves)
SInv    +            (no boots)
Will    .....        e - amulet of guardian spirit Stlth
                     f - ring of protection from cold
HPRegen 0.28/turn    u - ring of see invisible
MPRegen 0.09/turn

%: guardian spirit
@: no status effects
A: horns 2, retaliatory headbutt
a: no special abilities


You were on level 5 of the Dungeon.
You visited 1 branch of the dungeon, and saw 5 of its levels.

You collected 181 gold pieces.

Inventory:

Hand Weapons
 a - a +0 long sword (weapon)
Armour
 b - a +0 scale mail
 c - a +0 chain mail (worn)
 d - a +0 buckler (worn)
 h - a +0 hat (worn)
Jewellery
 e - an amulet of guardian spirit (around neck)
 f - a ring of protection from cold (left hand)
 j - a ring of ice
 l - a ring of wizardry
 u - a ring of see invisible (right hand)
Wands
 m - a wand of paralysis (10)
 v - a wand of iceblast (11)
Scrolls
 i - 2 scrolls of identify
 k - a scroll of poison {unknown}
 n - 3 scrolls of blinking {unknown}
 o - a scroll of magic mapping {unknown}
 p - 2 scrolls of silence {unknown}
 t - a scroll of teleportation {unknown}
 w - a scroll of amnesia {unknown}
Potions
 g - a potion of invisibility {unknown}
 q - 2 potions of lignification
 r - a potion of berserk rage
 s - a potion of might
 x - a potion of mutation {unknown}


   Skills:
 + Level 5.0 Fighting
 + Level 4.6 Long Blades
 + Level 4.9 Armour
 + Level 0.7 Dodging
 + Level 0.5 Stealth
 + Level 4.2 Shields


You had 4 spell levels left.
You didn't know any spells.
Your spell library contained the following spells:

 Spells                   Type           Power      Damage    Failure   Level
 Blink                    Tloc           0%         N/A       100%        2
 Lesser Beckoning         Tloc           0%         N/A       100%        2
 Gell's Gravitas          Tloc           0%         N/A       100%        3
 Ozocubu's Armour         Ice            0%         N/A       100%        3
 Teleport Other           Tloc           0%         N/A       100%        3
 Manifold Assault         Tloc           0%         N/A       100%        4
 Ozocubu's Refrigeration  Ice            0%         4d7       100%        7
 Storm Form               Tmut/Air       0%         N/A       100%        7


Dungeon Overview and Level Annotations

Branches:
Dungeon (5/15)             Temple (0/1) D:4

Altars:
Hepliaklqana

Annotations:
D:5 Prince Ribbit


Innate Abilities, Weirdness & Mutations

You have a pair of horns on your head.
You reflexively headbutt those who attack you in melee.


Message History

Your Fighting skill increases to level 5!
You hit Prince Ribbit.
Prince Ribbit is lightly wounded.
Prince Ribbit closely misses you. Prince Ribbit hits you.
You closely miss Prince Ribbit.
Prince Ribbit is lightly wounded.
Prince Ribbit blinks!
You see here a hound corpse.
Prince Ribbit blinks!
Prince Ribbit lets out a mournful croak.
Prince Ribbit barely misses you.
You miss Prince Ribbit.
Prince Ribbit is lightly wounded.
Prince Ribbit closely misses you.
You slash Prince Ribbit!
Prince Ribbit is moderately wounded.
Prince Ribbit hits you but does no damage.
Prince Ribbit croaks regally.
Prince Ribbit hits you.
You miss Prince Ribbit.
Prince Ribbit is moderately wounded.
Prince Ribbit hits you!
Prince Ribbit lets out a mournful croak.
Prince Ribbit hits you.
You hit Prince Ribbit.
Prince Ribbit is heavily wounded.
You block Prince Ribbit's attack.
You hit Prince Ribbit but do no damage.
Prince Ribbit is heavily wounded.
Prince Ribbit hits you but does no damage.
Prince Ribbit hits you!
You barely miss Prince Ribbit.
Prince Ribbit is moderately wounded.
Prince Ribbit hits you but does no damage.
Prince Ribbit hits you!
* * * LOW HITPOINT WARNING * * *
You slash Prince Ribbit!
Prince Ribbit is severely wounded.
Prince Ribbit hits you!
You die...

### ## #.. .# #.# .#
#.# .# ### ##.# .# ...
..# #######.##..# ####
#.####.†...@F....#
...###.#....#####.###.#
.........#### .#
...###.......... ..
#### #.######### .##
#.# .# #.. .# ### ##


You could see Prince Ribbit.

Vanquished Creatures
  A hound (D:5)
  A jelly (D:4)
  2 orc wizards (D:3)
  4 adders
  3 worms (D:2)
  A dart slug (D:2)
  2 orcs (D:3)
  9 ball pythons
  7 bats
  8 endoplasms
  3 giant cockroaches
  4 goblins
  8 hobgoblins
  3 jackals (D:1)
  2 quokkas
  3 frilled lizards
  9 kobolds
  2 rats
72 creatures vanquished.

Notes
Turn   | Place    | Note
-------+----------+-------------------------------------------
     0 | D:1      | Peloso the Minotaur Fighter began the quest for the Orb.
     0 | D:1      | Reached XP level 1. HP: 19/19 MP: 0/0
   122 | D:1      | Reached XP level 2. HP: 27/27 MP: 1/1
   388 | D:1      | Reached skill level 4 in Fighting
   394 | D:1      | Reached XP level 3. HP: 28/33 MP: 2/2
   768 | D:2      | Reached XP level 4. HP: 40/40 MP: 3/3
  1394 | D:3      | Found a hazy altar of Hepliaklqana.
  1708 | D:3      | Reached XP level 5. HP: 20/47 MP: 4/4
  2245 | D:4      | Found a staircase to the Ecumenical Temple.
  2616 | D:5      | Entered Level 5 of the Dungeon
  2653 | D:5      | Noticed Prince Ribbit
  2657 | D:5      | Reached skill level 5 in Fighting
  2670 | D:5      | Slain by Prince Ribbit

Illustrated notes

Levels and vault maps discovered:
D:1:      minmay_arrival_glassed_features, layout_basic
D:2:      layout_rooms, nrook_mini_vaults
D:3:      layout_loops_ring, mainiacjoe_overflow_small_starburst,
          minmay_close_crescents
D:4:      layout_loops_cross, minmay_temple_entry_enclosed_plants
D:5:      cheibrodos_fertilizer, layout_loops_ring,
          fedhas_bush_and_centaur_altar, gammafunk_ghost_arena,
          uniq_prince_ribbit1

Skill      XL: |  1  2  3  4  5 |
---------------+----------------+-----
Armour         | 4 |  4.9
Fighting       | 4 5 |  5.0
Long Blades    | 3 4 |  4.6
Shields        | 4 |  4.2
Dodging        | |  0.7
Stealth        | |  0.5

Action                     |  1- 3 |  4- 6 || total
---------------------------+-------+-------++-------
  Melee: Long sword        |    75 |   105 ||   180
         Headbutt          |    13 |    14 ||    27
    Use: Potion            |       |     3 ||     3
         Scroll            |       |     3 ||     3
 Armour: Scale mail        |    33 |    56 ||    89
         Chain mail        |       |     5 ||     5
  Dodge: Dodged            |    33 |    43 ||    76
  Block: Buckler           |    18 |    17 ||    35
